 Dungeon Crawl Stone Soup version 0.28.0 (webtiles) character file.

Game seed: 12329296209175779246

100 themarg the Caller (level 4, -7/31 HPs)
             Began as a Merfolk Summoner on Feb 17, 2022.
             Mangled by a black bear (11 damage)
             ... on level 3 of the Dungeon.
             The game lasted 00:15:10 (3434 turns).

themarg the Caller (Merfolk Summoner)               Turns: 3434, Time: 00:15:12

Health: -7/31      AC:  3    Str:  8    XL:     4   Next: 73%
Magic:  1/8        EV: 13    Int: 16    God:
Gold:   125        SH:  0    Dex: 20    Spells: 1/8 levels left

rFire   . . .      SeeInvis .   k - +0 trident
rCold   . . .      Faith    .   (no shield)
rNeg    + . .      Spirit   .   a - +0 robe
rPois   .          Reflect  .   (no helmet)
rElec   .          Harm     .   t - +0 cloak
rCorr   .          Rampage  .   (no gloves)
Will    .....                   (no boots)
Stlth   ++........              (no amulet)
HPRegen 0.10/turn               e - +6 ring of dexterity
MPRegen 0.11/turn               n - ring of positive energy

@: no status effects
A: (nimble swimmer 2), mertail
a: no special abilities


You were on level 3 of the Dungeon.
You visited 1 branch of the dungeon, and saw 4 of its levels.

You collected 125 gold pieces.

Inventory:

Hand Weapons
 k - a +0 trident (weapon)
Missiles
 i - 80 stones
Armour
 a - a +0 robe (worn)
 t - a +0 cloak (worn)
Jewellery
 e - a +6 ring of dexterity (left hand)
 n - a ring of positive energy (right hand)
 q - a ring of positive energy
Scrolls
 f - a scroll of amnesia {unknown}
 j - 2 scrolls of teleportation
 m - 2 scrolls of noise {unknown}
 o - a scroll of silence {unknown}
 r - 3 scrolls of torment
Potions
 c - 3 potions of curing
 d - a potion of heal wounds
 g - a potion of cancellation {unknown}
 h - a potion of attraction {unknown}
 l - a potion of flight {unknown}
 p - a potion of degeneration {unknown}
 s - a potion of mutation {unknown}


   Skills:
 + Level 0.4 Fighting
 + Level 1.2 Polearms
 + Level 2.9 Dodging
 + Level 2.5 Stealth
 + Level 2.9 Spellcasting
 + Level 5.0 Summonings


You had one spell level left.
You knew the following spells:

 Your Spells              Type           Power      Damage    Failure   Level
a - Summon Small Mammal   Summ           72%        N/A       2%          1
b - Call Canine Familiar  Summ           18%        N/A       7%          3
c - Summon Guardian Gole  Hex/Summ       10%        N/A       21%         3

Your spell library contained the following spells:

 Spells                   Type           Power      Damage    Failure   Level
 Call Imp                 Summ           18%        N/A       3%          2
 Corpse Rot               Necr/Air       4%         N/A       28%         2
 Poisonous Vapours        Pois/Air       4%         N/A       28%         2
 Summon Lightning Spire   Summ/Air       10%        N/A       54%         4


Dungeon Overview and Level Annotations

Branches:
Dungeon (4/15)
 Temple: D:4-7

Altars:


Innate Abilities, Weirdness & Mutations

((You are very nimble when in or above water. (Stealth+, EV+, Speed+++)))
Your lower body shifts to a powerful aquatic tail in water.


Message History

Your hound bites the black bear.
The black bear closely misses your hound.
The black bear barely misses your hound.
The black bear misses your hound.
Reach: k) +0 trident
Press: ? - help, Dir - move target, f/p - black bear
Aim: a black bear (severely wounded, berserk, ally target, about 32% to evade your +0 trident)
You reach to attack!
You closely miss the black bear.
The black bear is severely wounded.
Your hound bites the black bear.
The black bear completely misses your hound.
The black bear barely misses your hound.
The black bear claws your hound.
Your hound bites the black bear.
The black bear bites your hound! The black bear claws your hound.
The black bear completely misses your hound.
Reach: k) +0 trident
Press: ? - help, Dir - move target, f/p - black bear
Aim: a black bear (almost dead, berserk, ally target, about 32% to evade your +0 trident)
You could not reach far enough!
Your hound bites the black bear.
The black bear bites your hound.
Your hound dies!
Your hound's corpse disappears in a puff of smoke!
Your guardian golem overheats!
The black bear growls angrily.
There is a stone staircase leading up here.
You hit the black bear but do no damage.
The black bear is almost dead.
The black bear bites you but does no damage.
The black bear claws you. The black bear barely misses you.
The black bear bites you.
The black bear claws you but does no damage.
The black bear barely misses you.
You hit the black bear but do no damage.
The black bear is almost dead.
The black bear bites you.
* * * LOW HITPOINT WARNING * * *
The black bear claws you.
* * * LOW HITPOINT WARNING * * *
The black bear misses you. The black bear bites you!
You die...

## ############## #.
#..........>.####.
#.#####..........) #.#
#.####...... ####.# #.#
#..###.
#########...@#####.####......
#...........h........########
#.#######..9.........# #.#
#............# ##### #.#
#>..[........# #)..# #.#
#...#####.#### #...# ####.#
#...# #.# #...# #....#
###...# #.# ##)## #.####
#....(#####.# #.##


You could see a black bear (berserk, ally target) and a friendly guardian golem
(summoned, inner flame).

Vanquished Creatures
  An adder (D:2)
  A dart slug (D:3)
  3 endoplasms
  A goblin (D:3)
  2 quokkas (D:1)
  A ball python (D:3)
  4 bats
  3 frilled lizards
  A kobold (D:1)
  A rat (D:3)
18 creatures vanquished.

Vanquished Creatures (collateral kills)
  5 bats
  An endoplasm (D:1)
  A giant cockroach (D:1)
  5 goblins
  2 hobgoblins
  4 jackals (D:3)
  5 quokkas
  5 ball pythons
  3 frilled lizards
  5 kobolds
  5 rats (D:1)
41 creatures vanquished.

Vanquished Creatures (others)
  Crazy Yiuf (D:3)
1 creature vanquished.

Grand Total: 60 creatures vanquished

Notes
Turn   | Place    | Note
-------+----------+-------------------------------------------
     0 | D:1      | themarg the Merfolk Summoner began the quest for the Orb.
     0 | D:1      | Reached XP level 1. HP: 13/13 MP: 3/3
   421 | D:1      | Reached XP level 2. HP: 19/19 MP: 3/5
  1065 | D:1      | Reached XP level 3. HP: 23/24 MP: 3/6
  1481 | D:1      | Learned a level 3 spell: Call Canine Familiar
  2422 | D:3      | Found a faded altar of an unknown god.
  2563 | D:3      | Reached XP level 4. HP: 30/30 MP: 8/8
  3139 | D:3      | Found a runed translucent door.
  3140 | D:3      | Noticed Crazy Yiuf
  3233 | D:3      | Learned a level 3 spell: Summon Guardian Golem
  3243 | D:3      | Killed Crazy Yiuf
  3244 | D:3      | Reached skill level 1 in Polearms
  3244 | D:3      | Reached skill level 5 in Summonings
  3380 | D:4      | Identified the +7 long sword of Winter {freeze, rF++}
  3412 | D:4      | Noticed a black bear
  3434 | D:3      | Mangled by a black bear

Illustrated notes

Levels and vault maps discovered:
D:1:      dpeg_arrival_boxorama, layout_basic, minmay_pentomino_t4
D:2:      layout_basic, minmay_split_cup_small
D:3:      layout_loops_ring, ebering_ecumenical_altar_abandoned,
          uniq_crazy_yiuf_cottage
D:4:      layout_gridville, nicolae_ru_sacrificial_ziggurat, serial_shops,
          shop_fountains, shop

Skill      XL: |  1  2  3  4 |
---------------+-------------+-----
Polearms       | 1 |  1.2
Summonings     | 5 |  5.0
Fighting       | |  0.4
Dodging        | |  2.9
Stealth        | |  2.5
Spellcasting   | |  2.9

Action                   |  1- 3 |  4- 6 || total
-------------------------+-------+-------++-------
Melee: Club              |     4 |       ||     4
       Dagger            |    33 |       ||    33
       Punch             |     1 |       ||     1
       Trident           |    30 |    16 ||    46
 Cast: Summon Small Mamm |    49 |     1 ||    50
       Call Canine Famil |     7 |     8 ||    15
       Summon Guardian G |       |     2 ||     2
  Use: Scroll            |       |     4 ||     4
 Stab: Sleeping          |     2 |       ||     2
       Distracted        |     1 |       ||     1
Armor: Robe              |    10 |     3 ||    13
Dodge: Dodged            |    45 |    11 ||    56
